 Dungeon Sprint DCSS version 0.20.1-1-g8b1a95d (webtiles) character file.

434 digijack the Fighter (level 6, -7/72 HPs)
             Began as a Troll Monk on Oct 8, 2017.
             Was a Believer of Vehumet.
             Killed by triggering an arrow trap (12 damage)
             ... in the Dungeon (Sprint I: "Red Sonja").
             The game lasted 00:10:49 (413 turns).

digijack the Fighter (Troll Monk)                    Turns: 413, Time: 00:10:50

Health: -7/72      AC:  5    Str: 22    XL:     6   Next: 68%
Magic:  6/6        EV: 11    Int:  6    God:    Vehumet [**....]
Gold:   44         SH:  0    Dex: 12    Spells: 5/5 levels left

rFire    . . .     SeeInvis .   d - +3 scythe
rCold    . . .     Gourm    +   (shield currently unavailable)
rNeg     . . .     Faith    .   h - +0 robe
rPois    .         Spirit   .   (helmet restricted)
rElec    .         Reflect  .   (no cloak)
rCorr    .         Harm     .   (gloves unavailable)
MR       .....     NoTele   +   (boots unavailable)
Stlth    ++........             (no amulet)
Regen    0.7/turn               (no ring)
MPRegen  0.1/turn               (no ring)

@: lethally poisoned (-7 -> -8), hasted and slowed
A: unfitting armour, claws 3, fast metabolism 3, gourmand, regeneration 1,
shaggy fur 1, tough skin 2
a: Renounce Religion


You were in the Dungeon.
You worshipped Vehumet.
Vehumet was pleased with you.
You were completely stuffed.

You visited 1 branch You collected 314 gold pieces.
You spent 270 gold pieces at shops.

Inventory:

Hand Weapons
 d - a +3 scythe (weapon)
 k - a +0 club
 l - a +0 giant club
Missiles
 j - 27 bolts
Armour
 a - a +0 robe
 h - a +0 robe (worn)
Wands
 i - a wand of flame (9/48)
Potions
 f - 2 potions of magic
 g - a potion of berserk rage
Comestibles
 b - 2 bread rations
 c - 4 chunks of flesh


   Skills:
 + Level 8.2 Fighting
 - Level 5.9 Maces & Flails
 * Level 2.9 Polearms
 - Level 3.6 Dodging
 - Level 1.0 Stealth
 - Level 7.1 Unarmed Combat
 + Level 1.9 Evocations


You had 5 spell levels left.
You didn't know any spells.

Dungeon Overview and Level Annotations

Branches:
Dungeon (1/1)

Altars:
Cheibriados
Dithmenos
Elyvilon
Fedhas
Gozag
Hepliaklqana
Kikubaaqudgha
Makhleb
Nemelex Xobeh
Okawaru
Qazlal
Ru
Sif Muna
Trog
Uskayaw
Vehumet
Xom
Yredelemnul
Zin
The Shining One
Jiyva
Lugonu

Shops:
D ?

Annotations:
D Sonja


Innate Abilities, Weirdness & Mutations

You are too large for most types of armour.
You have claws for hands.
Your metabolism is lightning-fast.
You like to eat raw meat.
Your natural rate of healing is unusually fast.
You are covered in fur. (AC +1)
You have very tough skin. (AC +2)


Message History

You feel as though you will be slow longer.
Sonja shoots a curare-tipped needle.
The curare-tipped needle misses you.
You feel sick.
Sonja mumbles some strange words.
Sonja blinks!
There is an open door here.
You see here a curare-tipped needle.
You feel sick.
Sonja shoots a curare-tipped needle.
The curare-tipped needle closely misses you.
You open the door.
A slime creature comes into view.
You feel sick.
Sonja shoots a curare-tipped needle.
The curare-tipped needle closely misses you.
Sonja shoots a curare-tipped needle.
The curare-tipped needle barely misses you.
Found four altars.
You feel sick.
There is an open door here.
An arrow shoots out and hits you!
You die...

###################
#<.#..'÷.#..'..#__#
#..'[.#.÷'..#.('@J+
#..#####'#####(#__#
#..####..#...#(####
#..#__####..##K#
#..#_____##'#..+
#⌠⌠#_.∩...÷.(._#
####_..__##_.#+#
#_____###'# #######
#.#


You could see a slime creature (sleeping).

Vanquished Creatures
  Sigmund (D)
  A yak (D)
  An ogre (D)
  A jelly (D)
  Ijyb (D)
5 creatures vanquished.

Vanquished Creatures (others)
  A gargoyle (D)
1 creature vanquished.

Grand Total: 6 creatures vanquished

Notes
Turn   | Place    | Note
-------+----------+-------------------------------------------
     0 | D        | digijack the Troll Monk began the quest for the Orb.
     0 | D        | Reached XP level 1. HP: 22/22 MP: 0/0
     1 | D        | Noticed Ijyb
    17 | D        | Killed Ijyb
    17 | D        | Reached skill level 3 in Fighting
    17 | D        | Reached XP level 2. HP: 3/31 MP: 1/1
    74 | D        | Noticed an ogre
    79 | D        | Killed an ogre
    79 | D        | Reached skill level 5 in Fighting
    79 | D        | Reached XP level 3. HP: 25/42 MP: 2/2
    79 | D        | Reached XP level 4. HP: 30/50 MP: 3/3
   123 | D        | Noticed Sigmund
   136 | D        | Killed a gargoyle
   138 | D        | Killed Sigmund
   138 | D        | Reached skill level 7 in Fighting
   138 | D        | Reached skill level 1 in Evocations
   138 | D        | Reached XP level 5. HP: 28/62 MP: 3/5
   138 | D        | Reached XP level 6. HP: 32/71 MP: 3/6
   234 | D        | Found a deep blue altar of Sif Muna.
   236 | D        | Found a radiant altar of Vehumet.
   252 | D        | Became a worshipper of Vehumet
   252 | D        | Reached * piety under Vehumet
   252 | D        | Offered knowledge of Freeze by Vehumet.
   252 | D        | Reached ** piety under Vehumet
   270 | D        | Found Adiguick's Magic Scroll Emporium.
   270 | D        | Found an ancient bone altar of Kikubaaqudgha.
   270 | D        | Found a hazy altar of Hepliaklqana.
   270 | D        | Found a stormy altar of Qazlal.
   270 | D        | Found a hide-covered altar of Uskayaw.
   270 | D        | Found a blossoming altar of Fedhas.
   270 | D        | Found a bloodstained altar of Trog.
   270 | D        | Found an iron altar of Okawaru.
   270 | D        | Found a basalt altar of Yredelemnul.
   270 | D        | Found a glowing golden altar of the Shining One.
   270 | D        | Found a snail-covered altar of Cheibriados.
   270 | D        | Found a sacrificial altar of Ru.
   270 | D        | Found a glowing silver altar of Zin.
   270 | D        | Found a shadowy altar of Dithmenos.
   270 | D        | Found a white marble altar of Elyvilon.
   270 | D        | Noticed a yak
   271 | D        | Found an opulent altar of Gozag.
   278 | D        | Killed a yak
   278 | D        | Reached skill level 8 in Fighting
   278 | D        | Reached skill level 5 in Maces & Flails
   282 | D        | Found a sparkling altar of Nemelex Xobeh.
   361 | D        | Bought a scroll of enchant weapon for 90 gold pieces
   361 | D        | Bought a scroll of enchant weapon for 90 gold pieces
   361 | D        | Bought a scroll of enchant weapon for 90 gold pieces
   395 | D        | Noticed Sonja
   411 | D        | Found a burning altar of Makhleb.
   411 | D        | Found a viscous altar of Jiyva.
   411 | D        | Found a shimmering altar of Xom.
   411 | D        | Found a corrupted altar of Lugonu.
   411 | D        | Noticed a slime creature
   413 | D        | Killed by triggering an arrow trap

Skill      XL: |  1  2  3  4  5  6 |
---------------+-------------------+-----
Fighting       | 3 5 7 8 |  8.2
Dodging        | 3 |  3.6
Unarmed Combat | 4 7 |  7.1
Maces & Flails | 4 5 |  5.9
Evocations     | 1 |  1.9
Polearms       | 2 |  2.9
Stealth        | |  1.0

Action                   |  1- 3 |  4- 6 || total
-------------------------+-------+-------++-------
Melee: Unarmed           |    16 |       ||    16
       Punch             |     2 |       ||     2
       Giant club        |       |     6 ||     6
       Scythe            |       |    11 ||    11
Evoke: Wand              |       |     8 ||     8
  Use: Potion            |       |     3 ||     3
       Scroll            |       |     4 ||     4
  Eat: Chunk             |     2 |     7 ||     9
Armor: Robe              |     3 |     4 ||     7
Dodge: Dodged            |     5 |    21 ||    26
